 Dungeon Crawl Stone Soup version 0.25-a0-471-g78e40d7af6 (console) character file.

Game seed: 12278182180589308403, levelgen mode: deterministic

1771 Ignak the Magician (level 8, -4/61 HPs)
             Began as a Mummy Wizard on Jan 27, 2020.
             Slain by a hellwing (17 damage)
             ... on level 7 of the Dungeon on Feb 6, 2020.
             The game lasted 00:34:54 (7339 turns).

Ignak the Magician (Mummy Wizard)                   Turns: 7339, Time: 00:34:55

Health: -4/61      AC:  5    Str: 10    XL:     8   Next: 80%
Magic:  3/27       EV: 13    Int: 20    God:
Gold:   224        SH:  0    Dex: 10    Spells: 3/20 levels left

rFire    x . .     SeeInvis +   a - +1 dagger (venom)
rCold    + . .     Gourm    .   (no shield)
rNeg     + + +     Faith    .   k - +2 robe {rN+}
rPois    ∞         Spirit   .   e - +1 hat
rElec    .         Reflect  .   (no cloak)
rCorr    .         Harm     .   (no gloves)
MR       +....                  (no boots)
Stlth    ++........             (no amulet)
HPRegen  0.20/turn              g - ring of see invisible
MPRegen  0.20/turn              o - ring of magical power

@: very slightly contaminated
A: no food or potions, fire vulnerability, cold resistance 1, negative energy
resistance 3, torment resistance, unbreathing
a: no special abilities


You were on level 7 of the Dungeon.
You were not hungry.

You visited 1 branch of the dungeon, and saw 7 of its levels.

You collected 224 gold pieces.

Inventory:

Hand Weapons
 a - a +1 dagger of venom (weapon)
 b - a +2 trident of protection
Missiles
 i - 41 poisoned darts (quivered)
Armour
 e - a +1 hat (worn)
 k - a +2 robe of positive energy (worn)
 s - a +0 buckler
Jewellery
 g - a ring of see invisible (left hand)
 l - a +3 ring of strength
 m - an uncursed ring of stealth
 o - a ring of magical power (right hand)
 p - an uncursed ring of stealth
Wands
 r - a wand of digging (5)
Scrolls
 c - 2 scrolls of remove curse
 d - a scroll of fog
 f - 5 scrolls of teleportation
 h - 7 scrolls of identify
 j - a scroll of magic mapping {unknown}
 n - a scroll of immolation
 q - a scroll of enchant armour


   Skills:
 + Level 4.3 Fighting
 + Level 4.1 Dodging
 - Level 1.5 Stealth
 + Level 0.5 Shields
 + Level 6.9 Spellcasting
 - Level 2.7 Conjurations
 + Level 3.4 Summonings
 + Level 3.8 Necromancy
 - Level 2.0 Translocations
 + Level 2.3 Poison Magic


You had 3 spell levels left.
You knew the following spells:

 Your Spells              Type           Power        Failure   Level  Hunger
a - Magic Dart            Conj           ###.         3%          1    N/A
b - Blink                 Tloc           N/A          6%          2    N/A
c - Vampiric Draining     Necr           ###.......   6%          3    N/A
d - Mephitic Cloud        Conj/Pois/Air  ##......     14%         3    N/A
e - Summon Lightning Spi  Summ/Air       ##......     43%         4    N/A
q - Animate Dead          Necr           N/A          19%         4    N/A

Your spell library contained the following spells:

 Spells                   Type           Power        Failure   Level  Hunger
 Animate Skeleton         Necr           N/A          1%          1    N/A
 Pain                     Necr           ###.         1%          1    N/A
 Summon Small Mammal      Summ           ###.         2%          1    N/A
 Call Imp                 Summ           ###.....     3%          2    N/A
 Call Canine Familiar     Summ           ###.....     7%          3    N/A
 Corona                   Hex            #......      10%         1    N/A
 Ensorcelled Hibernation  Hex/Ice        #.....       14%         2    N/A
 Slow                     Hex            #.......     14%         2    N/A
 Summon Guardian Golem    Hex/Summ       ##......     14%         3    N/A
 Conjure Flame            Conj/Fire      ##......     16%         3    N/A
 Dazzling Flash           Conj/Hex       ##....       16%         3    N/A
 Confusing Touch          Hex            #.......     28%         3    N/A
 Tukima's Dance           Hex            #.......     28%         3    N/A
 Summon Ice Beast         Ice/Summ       ##......     43%         4    N/A
 Agony                    Necr           ###.....     47%         5    N/A

Dungeon Overview and Level Annotations

Branches:
Dungeon (7/15)
 Temple: D:4-7

Altars:
Ashenzari
Cheibriados
Elyvilon
Gozag
Hepliaklqana
Makhleb
Ru

Shops:
D:4 :   D:5 %


Innate Abilities, Weirdness & Mutations

You do not eat or drink.
Your flesh is vulnerable to fire.
You are immune to poison.
Your flesh is cold resistant. (rC+)
You are immune to negative energy. (rN+++)
You are immune to unholy pain and torment.
You can survive without breathing.


Message History

The bolt of electricity hits the hellwing.
The bolt of electricity hits the hellwing but does no damage.
The bolt of electricity hits your lightning spire.
Your lightning spire completely resists.
The bolt of electricity hits your lightning spire.
Your lightning spire completely resists.
Press: ? - help, v - describe, . - travel
Here: a hellwing The floor.
Evoke which item? (* to show all) (? for menu, Esc to quit)
Okay, then.
Evoke which item? (* to show all) (? for menu, Esc to quit)
Aiming: Dig
Press: ? - help, Shift-Dir - straight line A rock wall.
The rock shatters into small pieces.
The hellwing swoops through the air toward you!
The hellwing closely misses you. x2
The hellwing hits you!
You die...

#####..............
#.........#'#######
#.........#........
#.........#........
#.........#.###.###
########.##.###.##
#...............#
#...............#
####@##.###.## ###
##4.######.#######..
#.............8..#..
#................'..
###.##############..
#.# >........ #..
......... #..
......... #..
.........


You could see a hellwing.

Vanquished Creatures
  Prince Ribbit (D:5)
  2 ice beasts
  An orc warrior (D:7)
  3 ogres
  Blork the orc (D:4)
  3 scorpions
  2 howler monkeys
  A bullfrog zombie (D:5)
  Jessica (D:2)
  3 iguanas
  5 worker ants
  A hound skeleton (D:4)
  4 gnolls
  6 adders
  A howler monkey skeleton (D:4)
  An adder skeleton (D:5)
  2 worms (D:4)
  2 dart slugs
  5 leopard geckos
  15 orcs
  4 giant cockroaches
  13 goblins
  2 hobgoblins (D:2)
  7 jackals
  3 quokkas
  A ball python (D:3)
  7 bats
  4 frilled lizards
  2 jackal skeletons
  4 kobolds
  6 rats
113 creatures vanquished.

Vanquished Creatures (collateral kills)
  Grinder (D:3)
  An orc warrior (D:6)
  A phantom (D:7)
  A black bear (D:4)
  3 crimson imps
  An orc priest (D:5)
  A gnoll shaman (D:6)
  A hound zombie (D:3)
  2 gnolls (D:4)
  4 adders
  A shadow imp (D:6)
  An ooze (D:2)
  A dart slug (D:3)
  6 orcs
  A ball python (D:4)
  A giant cockroach (D:3)
  2 goblins
  A hobgoblin (D:2)
  4 jackals
  2 bats
  A frilled lizard (D:3)
37 creatures vanquished.

Grand Total: 150 creatures vanquished

Notes
Turn   | Place    | Note
-------+----------+-------------------------------------------
     0 | D:1      | Ignak the Mummy Wizard began the quest for the Orb.
     0 | D:1      | Reached XP level 1. HP: 13/13 MP: 5/5
   132 | D:1      | Reached skill level 1 in Conjurations
   478 | D:1      | Reached XP level 2. HP: 11/20 MP: 1/7
   740 | D:1      | Upgraded the game from 0.25-a0-435-g4b9beb1024 to
                  | 0.25-a0-471-g78e40d7af6
   896 | D:1      | Learned a level 2 spell: Blink
   899 | D:1      | Learned a level 2 spell: Call Imp
  1375 | D:2      | Reached skill level 1 in Fighting
  1755 | D:2      | Reached XP level 3. HP: 26/26 MP: 3/8
  2251 | D:2      | Reached skill level 1 in Translocations
  2387 | D:2      | Noticed Jessica
  2392 | D:2      | Learned a level 3 spell: Mephitic Cloud
  2397 | D:2      | Killed Jessica
  2397 | D:2      | Reached skill level 1 in Summonings
  2397 | D:2      | Reached XP level 4. HP: 32/32 MP: 3/10
  2751 | D:3      | Noticed Grinder
  2768 | D:3      | Paralysed by Grinder for 2 turns
  2998 | D:3      | Paralysed by Grinder for 4 turns
  3006 | D:3      | Paralysed by Grinder for 3 turns
  3035 | D:3      | Killed Grinder
  3035 | D:3      | Reached skill level 5 in Spellcasting
  3035 | D:3      | Reached XP level 5. HP: 15/38 MP: 2/12
  3627 | D:3      | Reached XP level 6. HP: 39/44 MP: 10/13
  3639 | D:3      | Learned a level 3 spell: Vampiric Draining
  3967 | D:4      | Noticed Blork the orc
  3994 | D:4      | Killed Blork the orc
  4119 | D:4      | Noticed an ice beast
  4139 | D:4      | Killed an ice beast
  4139 | D:4      | Reached skill level 1 in Necromancy
  4205 | D:4      | Reached XP level 7. HP: 36/51 MP: 9/15
  4359 | D:4      | Learned a level 4 spell: Animate Dead
  4480 | D:4      | Found a hazy altar of Hepliaklqana.
  4542 | D:4      | Found Gysape's Book Shop.
  4817 | D:4      | Learned a level 4 spell: Summon Lightning Spire
  4831 | D:5      | Entered Level 5 of the Dungeon
  4831 | D:5      | Found a shattered altar of Ashenzari.
  5325 | D:5      | Found Etwuot's Food Boutique.
  5339 | D:5      | Noticed Prince Ribbit
  5347 | D:5      | Reached skill level 6 in Spellcasting
  5356 | D:5      | Killed Prince Ribbit
  5356 | D:5      | Reached skill level 1 in Poison Magic
  5356 | D:5      | Reached XP level 8. HP: 43/58 MP: 17/17
  5514 | D:5      | Found a snail-covered altar of Cheibriados.
  5516 | D:5      | Found a burning altar of Makhleb.
  5521 | D:5      | Found an opulent altar of Gozag.
  5660 | D:5      | Found a sacrificial altar of Ru.
  5660 | D:5      | Found a white marble altar of Elyvilon.
  7306 | D:7      | Noticed a hellwing
  7311 | D:7      | Noticed a hellwing
  7339 | D:7      | Slain by a hellwing

Levels and vault maps discovered:
D:1:      dpeg_arrival_three_same_balls, layout_basic, item_on_display_a
D:2:      layout_loops_ring, first_ration, uniq_jessica
D:3:      layout_basic, uniq_grinder
D:4:      layout_cave_pools, lemuel_crystal_altar, serial_shops, shop,
          uniq_blork_the_orc
D:5:      layout_basic, grunt_temple_overflow_open, serial_shops,
          nicolae_shop_crystal, basic_altar, uniq_prince_ribbit1
D:6:      layout_loops_cross
D:7:      cheibrodos_grave_circle, layout_gridville, minmay_temple_entry_arrows

Skill      XL: |  1  2  3  4  5  6  7  8 |
---------------+-------------------------+-----
Conjurations   | 1 2 |  2.7
Fighting       | 1 2 3 4 |  4.3
Dodging        | 2 3 4 |  4.1
Translocations | 1 2 |  2.0
Summonings     | 1 2 3 |  3.4
Spellcasting   | 5 6 |  6.9
Necromancy     | 1 2 3 |  3.8
Poison Magic   | 1 2 |  2.3
Stealth        | |  1.5
Shields        | |  0.5

Action                   |  1- 3 |  4- 6 |  7- 9 || total
-------------------------+-------+-------+-------++-------
Melee: Spear             |    24 |    27 |       ||    51
       Unarmed           |     5 |       |       ||     5
       Dagger            |    50 |   118 |   228 ||   396
Throw: Dart              |       |     4 |       ||     4
 Cast: Magic Dart        |    19 |       |       ||    19
       Call Imp          |    13 |    32 |     8 ||    53
       Mephitic Cloud    |     1 |     3 |    12 ||    16
       Vampiric Draining |       |     2 |     7 ||     9
       Animate Dead      |       |       |     6 ||     6
       Summon Lightning  |       |       |     7 ||     7
       Blink             |       |       |     4 ||     4
Evoke: Wand              |       |       |     1 ||     1
  Use: Scroll            |     4 |       |     7 ||    11
 Stab: Sleeping          |     1 |     3 |     4 ||     8
       Confused          |     1 |     1 |     2 ||     4
       Distracted        |       |     1 |     2 ||     3
Armor: Robe              |    15 |    54 |    55 ||   124
Dodge: Dodged            |    66 |   101 |   174 ||   341

Table legend:
 A = Non-vault XP
 B = Vault XP
 C = Vault XP percentage of total XP
 D = Non-vault monster count
 E = Vault monster count
 F = Vault count percentage of total count
                 A         B        C        D         E       F
            +---------+---------+-------+---------+---------+-------
      Total |    1983 |     548 |  21.7 |     146 |       4 |   2.7
            +---------+---------+-------+---------+---------+-------
        D:1 |      19 |       0 |   0.0 |       9 |       0 |   0.0
        D:2 |      80 |      37 |  31.6 |      30 |       1 |   3.2
        D:3 |      91 |     180 |  66.4 |      32 |       1 |   3.0
        D:4 |     633 |      99 |  13.5 |      24 |       1 |   4.0
        D:5 |     302 |     232 |  43.4 |      14 |       1 |   6.7
        D:6 |     462 |       0 |   0.0 |      32 |       0 |   0.0
        D:7 |     396 |       0 |   0.0 |       5 |       0 |   0.0
            +---------+---------+-------+---------+---------+-------
